 Dungeon Crawl Stone Soup version 0.26-a0-664-gc8b27b8fc1 (webtiles) character file.

Game seed: 72094668815887728

26 Elric the Firebug (level 2, 0/19 HPs)
             Began as a Demonspawn Fire Elementalist on Oct 13, 2020.
             Slain by a worm (3 damage)
             ... on level 2 of the Dungeon.
             The game lasted 00:05:58 (1441 turns).

Elric the Firebug (Demonspawn Fire Elementalist)    Turns: 1441, Time: 00:05:58

Health: 0/19       AC:  4    Str:  8    XL:     2   Next: 89%
Magic:  0/5        EV: 12    Int: 16    God:
Gold:   68         SH:  0    Dex: 13    Spells: 4/5 levels left

rFire    . . .     SeeInvis .   (no weapon)
rCold    . . .     Faith    .   (no shield)
rNeg     . . .     Spirit   .   a - +0 robe
rPois    .         Reflect  .   (no helmet)
rElec    .         Harm     .   (no cloak)
rCorr    .         Rampage  .   (no gloves)
MR       .....                  (no boots)
Stlth    ++........             (no amulet)
HPRegen  0.06/turn              (no ring)
MPRegen  0.09/turn              (no ring)

@: no status effects
A: slimy green scales 1
a: no special abilities


You were on level 2 of the Dungeon.
You visited 1 branch of the dungeon, and saw 2 of its levels.

You collected 68 gold pieces.

Inventory:

Armour
 a - a +0 robe (worn)
 m - a cursed +0 robe
Jewellery
 g - a cursed ring of attention {unknown}
Scrolls
 d - 2 scrolls of immolation {unknown}
 e - a scroll of fog {unknown}
 h - 2 scrolls of identify {unknown}
 l - a scroll of magic mapping {unknown}
Potions
 b - a potion of heal wounds {unknown}
 c - 2 potions of lignification {unknown}
 f - a potion of mutation {unknown}
 i - a potion of ambrosia {unknown}
 j - a potion of experience {unknown}
 k - a potion of berserk rage {unknown}


   Skills:
 + Level 2.1 Dodging
 - Level 1.7 Stealth
 + Level 2.3 Spellcasting
 + Level 1.5 Conjurations
 + Level 3.0 Fire Magic


You had 4 spell levels left.
You knew the following spells:

 Your Spells              Type           Power        Failure   Level
a - Foxfire               Conj/Fire      #...         8%          1

Your spell library contained the following spells:

 Spells                   Type           Power        Failure   Level
 Conjure Flame            Conj/Fire      #.......     24%         3
 Inner Flame              Hex/Fire       #.......     32%         3
 Sticky Flame             Conj/Fire      #.......     61%         4
 Fireball                 Conj/Fire      #.........   91%         5


Dungeon Overview and Level Annotations

Branches:
Dungeon (2/15)

Altars:


Innate Abilities, Weirdness & Mutations

You are partially covered in slimy green scales. (AC +2)


Message History

Confirm with . or Enter, or press ? or * to list all spells.
You don't have enough magic to cast that spell.
The worm bites you!
You hit the worm.
The worm is severely wounded.
You hit the worm.
The worm is severely wounded.
The worm bites you.
You hit the worm but do no damage.
The worm is severely wounded.
Casting: Foxfire (safe; 8% risk of failure)
Confirm with . or Enter, or press ? or * to list all spells.
You conjure some foxfire!
The worm bites you.
* * * LOW HITPOINT WARNING * * *
The foxfire hits the worm.
The worm is almost dead.
The foxfire hits the worm.
The worm is almost dead.
The worm bites you.
You die...

#.. ##.# #. ##..# #.
#.^.# ### #.. #...# #..
#. #... #...# #.# #.
##.#.# #...### #.# #
......##..)..###.# #
#...@w..#...#.#
#.#....#........#######
.........#####..........
#...###..## ###......#.
#.. #...# #..####... #.
#.#.# #.## ####
......†.#..# #. #
........##.# ..
........# .. #.# .


You could see a worm.

Vanquished Creatures
  A dart slug (D:1)
  6 bats
  4 giant cockroaches
  A goblin (D:1)
  4 hobgoblins
  2 frilled lizards
  2 kobolds
  2 rats
22 creatures vanquished.

Vanquished Creatures (others)
  69 foxfires
69 creatures vanquished.

Grand Total: 91 creatures vanquished

Notes
Turn   | Place    | Note
-------+----------+-------------------------------------------
     0 | D:1      | Elric the Demonspawn Fire Elementalist began the quest for
                  | the Orb.
     0 | D:1      | Reached XP level 1. HP: 13/13 MP: 3/3
   415 | D:1      | Gained mutation: You are partially covered in slimy green
                  | scales. (AC +2) [demonic ancestry]
   415 | D:1      | Reached XP level 2. HP: 19/19 MP: 1/5
   787 | D:1      | Reached skill level 3 in Fire Magic
  1441 | D:2      | Slain by a worm

Illustrated notes

Levels and vault maps discovered:
D:1:      wander_arrival_estate, layout_loops_ring
D:2:      layout_rooms, nicolae_overflow_hidden_temple, minivault_27,
          minmay_misc_feat_cross, uniq_jessica

Skill      XL: |  1  2 |
---------------+-------+-----
Dodging        | 2 |  2.1
Fire Magic     | 3 |  3.0
Stealth        | |  1.7
Spellcasting   | |  2.3
Conjurations   | |  1.5

Action                   || total
-------------------------++-------
Melee: Unarmed           ||     5
 Cast: Foxfire           ||    53
Armor: Robe              ||    13
Dodge: Dodged            ||    39

Table legend: (Time is in decaauts)
 A = Elapsed time spent in this place.
 B = Non-inter-level travel time spent in this place.
 C = Inter-level travel time spent in this place.
 D = Time resting spent in this place.
 E = Time spent auto-exploring this place.
 F = Levels seen in this place.
 G = Mean time per level.
                   A        B        C        D        E       F      G
               +--------+--------+--------+--------+--------+-----+--------+
         Total |   1440 |   1426 |     14 |      0 |   1122 |   2 |  720.0 |
       Dungeon |   1440 |   1426 |     14 |      0 |   1122 |   2 |  720.0 |
               +--------+--------+--------+--------+--------+-----+--------+

Top non-repeatable levels by time:
     D:1: 978 daAuts
     D:2: 462 daAuts
